IL
COLUMBUS CLIPPERS @ INDIANAPOLIS INDIANS
04/10/2099
 
TOP OF THE 1ST
Columbus Clippers batting - Pitching for Indianapolis Indians : RHP Tim Russell
Pitching: RHP Tim Russell
Batting: RHB John Walko 0-0: Swinging Strike
0-1: Ball
1-1: Ball
2-1: Foul Ball, location: 2F
2-2: Strikes out swinging
Batting: SHB Mario Mendoza 0-0: Ball
1-0: Called Strike
1-1: Ball
2-1: Fly out, F9 (Flyball, 89D, EV 100.0 MPH)
Batting: RHB Rogelio Cosme 0-0: Called Strike
0-1: Ball
1-1: Ball
2-1: Ball
3-1: Base on Balls
Batting: RHB Jeremy Brant 0-0: Called Strike
0-1: Ball
1-1: Foul Ball, location: 9LDF
1-2: Ball
2-2: Ground out 4-3 (Groundball, 34S, EV 88.1 MPH)
Top of the 1st over - 0 runs, 0 hits, 0 errors, 1 left on base; Columbus 0 - Indianapolis 0
BOTTOM OF THE 1ST
Indianapolis Indians batting - Pitching for Columbus Clippers : RHP Assunção Frutuoso
Pitching: RHP Assunção Frutuoso
Batting: RHB Bryan Dannemiller 0-0: Ball
1-0: SINGLE (Line Drive, 4D, EV 103.8 MPH)
Batting: LHB Phil Samsa 0-0: Foul Ball, location: 2LF
0-1: Ball
1-1: Called Strike
1-2: Foul Ball, location: 5FF
1-2: Foul Ball, location: 7LSF
1-2: Foul Ball, location: 2F
1-2: Ball
2-2: Ball
3-2: Fly out, F8 (Flyball, 8LD, EV 106.3 MPH)
Batting: RHB Kevin Wallace 0-0: Called Strike
0-1: Grounds into double play, 4-6-3 (Groundball, 13, EV 89.4 MPH)
Bottom of the 1st over - 0 runs, 1 hit, 0 errors, 0 left on base; Columbus 0 - Indianapolis 0
TOP OF THE 2ND
Columbus Clippers batting - Pitching for Indianapolis Indians : RHP Tim Russell
Batting: LHB Zachary Moody 0-0: Ground out U3 (Groundball, 13, EV 84.4 MPH)
Batting: RHB Bill Meller 0-0: Swinging Strike
0-1: Ball
1-1: Foul Ball, location: 9LMF
1-2: Strikes out swinging
Batting: RHB Chris Hubert 0-0: Called Strike
0-1: Ball
1-1: Foul Ball, location: 25F
1-2: Strikes out swinging
Top of the 2nd over - 0 runs, 0 hits, 0 errors, 0 left on base; Columbus 0 - Indianapolis 0
BOTTOM OF THE 2ND
Indianapolis Indians batting - Pitching for Columbus Clippers : RHP Assunção Frutuoso
Batting: RHB Mike Mellor 0-0: Called Strike
0-1: Foul Ball, location: 9LMF
0-2: Ball
1-2: Ball
2-2: SOLO HOME RUN (Flyball, 9LD, EV 93.1 MPH), Distance : 329 ft
Batting: LHB Joe Williams 0-0: Foul Ball, location: 25F
0-1: Ball
1-1: Foul Ball, location: 2F
1-2: Foul Ball, location: 3F
1-2: Ball
2-2: Ball
3-2: Fly out, F5 (Popup, 6S, EV 77.5 MPH)
Batting: LHB Tommy Marcinczyk Jr. 0-0: Called Strike
0-1: Foul Ball, location: 2F
0-2: Strikes out swinging
Batting: RHB Jeremiah Coleman 0-0: Ball
1-0: Ground out 6-3 (Groundball, 6, EV 84.4 MPH)
Bottom of the 2nd over - 1 run, 1 hit, 0 errors, 0 left on base; Columbus 0 - Indianapolis 1
TOP OF THE 3RD
Columbus Clippers batting - Pitching for Indianapolis Indians : RHP Tim Russell
Batting: RHB Matt Wescoat 0-0: Ball
1-0: Ball
2-0: Ground out 4-3 (Groundball, 4M, EV 90.6 MPH)
Batting: LHB Eduardo Olivarez 0-0: Ball
1-0: Swinging Strike
1-1: Foul Ball, location: 2LF
1-2: Ball
2-2: Ball
3-2: Fly out, F8 (Line Drive, 8LD, EV 90.6 MPH)
Batting: RHB John Walko 0-0: Foul Ball, location: 9LSFF
0-1: Foul Ball, location: 23FF
0-2: TRIPLE (Line Drive, 89XD, EV 98.8 MPH)
Batting: SHB Mario Mendoza 0-0: Foul Ball, location: 2LF
0-1: Foul Ball, location: 7LDF
0-2: Ball
1-2: Foul Ball, location: 2F
1-2: Foul Ball, location: 25F
1-2: Strikes out swinging
Top of the 3rd over - 0 runs, 1 hit, 0 errors, 1 left on base; Columbus 0 - Indianapolis 1
BOTTOM OF THE 3RD
Indianapolis Indians batting - Pitching for Columbus Clippers : RHP Assunção Frutuoso
Batting: SHB Bob Peterson 0-0: Foul Ball, location: 2F
0-1: Ball
1-1: Fly out, F8 (Flyball, 8LM, EV 91.9 MPH)
Batting: RHB Matt Kamowski 0-0: Called Strike
0-1: Fly out, F4 (Popup, 4, EV 80.6 MPH)
Batting: RHB Bryan Dannemiller 0-0: Ball
1-0: Foul Ball, location: 23F
1-1: Foul Ball, location: 7LSF
1-2: Foul Ball, location: 5F
1-2: Ball
2-2: Ball
3-2: SINGLE (Line Drive, 9S, EV 89.4 MPH)
Batting: LHB Phil Samsa 0-0: Ball
Bryan Dannemiller steals 2nd base
1-0: SINGLE (Groundball, 34D, EV 101.9 MPH)
Bryan Dannemiller to third
Runner from 3rd tries for Home, SAFE, throw by RF to home
Phil Samsa to second
Batting: RHB Kevin Wallace 0-0: Ball
1-0: Swinging Strike
1-1: Foul Ball, location: 2F
1-2: Foul Ball, location: 5F
1-2: Foul Ball, location: 7LSF
1-2: SINGLE (Line Drive, 9S, EV 101.3 MPH)
Phil Samsa to third
Runner from 3rd tries for Home, SAFE, throw by RF to home
Batting: RHB Mike Mellor 0-0: Ball
1-0: Foul Ball, location: 5F
1-1: Ground out 5-3 (Groundball, 56S, EV 88.1 MPH)
Bottom of the 3rd over - 2 runs, 3 hits, 0 errors, 1 left on base; Columbus 0 - Indianapolis 3
TOP OF THE 4TH
Columbus Clippers batting - Pitching for Indianapolis Indians : RHP Tim Russell
Batting: RHB Rogelio Cosme 0-0: Foul Ball, location: 2F
0-1: Called Strike
0-2: Strikes out swinging
Batting: RHB Jeremy Brant 0-0: Called Strike
0-1: Foul Ball, location: 3FF
0-2: Ball
1-2: Foul Ball, location: 2F
1-2: Strikes out swinging
Batting: LHB Zachary Moody 0-0: Called Strike
0-1: Swinging Strike
0-2: Strikes out swinging
Top of the 4th over - 0 runs, 0 hits, 0 errors, 0 left on base; Columbus 0 - Indianapolis 3
BOTTOM OF THE 4TH
Indianapolis Indians batting - Pitching for Columbus Clippers : RHP Assunção Frutuoso
Batting: LHB Joe Williams 0-0: Called Strike
0-1: Swinging Strike
0-2: Ball
1-2: Strikes out looking
Batting: LHB Tommy Marcinczyk Jr. 0-0: Called Strike
0-1: Ball
1-1: Foul Ball, location: 5SF
1-2: Ball
2-2: Ball
3-2: Ground out 5-3 (Groundball, 56, EV 103.1 MPH)
Batting: RHB Jeremiah Coleman 0-0: Called Strike
0-1: SINGLE (Line Drive, 7S, EV 85.6 MPH)
Batting: SHB Bob Peterson 0-0: Fielders Choice at 2nd, 5-4 (Groundball, 56, EV 81.3 MPH)
Bottom of the 4th over - 0 runs, 1 hit, 0 errors, 1 left on base; Columbus 0 - Indianapolis 3
TOP OF THE 5TH
Columbus Clippers batting - Pitching for Indianapolis Indians : RHP Tim Russell
Batting: RHB Bill Meller 0-0: Called Strike
0-1: Fly out, F9 (Line Drive, 9S, EV 91.3 MPH)
Batting: RHB Chris Hubert 0-0: Called Strike
0-1: Foul Ball, location: 9LDF
0-2: Fly out, F7 (Flyball, 78M, EV 96.9 MPH)
Batting: RHB Matt Wescoat 0-0: Ball
1-0: Ball
2-0: Called Strike
2-1: Ground out 4-3 (Groundball, 4M, EV 81.9 MPH)
Top of the 5th over - 0 runs, 0 hits, 0 errors, 0 left on base; Columbus 0 - Indianapolis 3
BOTTOM OF THE 5TH
Indianapolis Indians batting - Pitching for Columbus Clippers : RHP Assunção Frutuoso
Batting: RHB Matt Kamowski 0-0: Foul Ball, location: 2F
0-1: Ball
1-1: Ball
2-1: Fly out, F7 (Flyball, 7LSF, EV 86.9 MPH)
Batting: RHB Bryan Dannemiller 0-0: Ball
1-0: Ball
2-0: Ball
3-0: Called Strike
3-1: Base on Balls
Batting: LHB Phil Samsa 0-0: Ball
1-0: Called Strike
1-1: Foul Ball, location: 2F
1-2: Foul Ball, location: 7LDF
1-2: Foul Ball, location: 2F
1-2: Foul Ball, location: 7LDF
1-2: Foul Ball, location: 5F
1-2: SINGLE (Groundball, 6MD, EV 97.5 MPH)
Bryan Dannemiller to second
Runner from 2nd tries for 3rd, SAFE, no throw by CF
Batting: RHB Kevin Wallace 0-0: Ball
1-0: Swinging Strike
1-1: Foul Ball, location: 2F
1-2: Strikes out swinging
Batting: RHB Mike Mellor 0-0: Called Strike
0-1: Foul Ball, location: 5SF
0-2: Ball
1-2: Foul Ball, location: 3SF
1-2: Fielders Choice at 2nd, 5-4 (Groundball, 56, EV 81.9 MPH)
Bottom of the 5th over - 0 runs, 1 hit, 0 errors, 2 left on base; Columbus 0 - Indianapolis 3
TOP OF THE 6TH
Columbus Clippers batting - Pitching for Indianapolis Indians : RHP Tim Russell
Batting: LHB Eduardo Olivarez 0-0: Called Strike
0-1: Ball
1-1: Ball
2-1: Ball
3-1: Foul Ball, location: 2LF
3-2: Fly out, F8 (Flyball, 8RM, EV 88.1 MPH)
Batting: RHB John Walko 0-0: Ball
1-0: DOUBLE (Line Drive, 7LM, EV 103.8 MPH)
Batting: SHB Mario Mendoza 0-0: Ball
1-0: Ball
2-0: Foul Ball, location: 7LMF
2-1: Ground out 4-3 (Groundball, 4S, EV 83.8 MPH)
John Walko to third
Batting: RHB Rogelio Cosme 0-0: Swinging Strike
0-1: Ball
1-1: Ball
2-1: Ball
3-1: Foul Ball, location: 2F
3-2: Foul Ball, location: 9LSF
3-2: SINGLE (Line Drive, 89S, EV 100.6 MPH)
John Walko scores
Pitching: RHP Taurino Ramirez
Batting: RHB Jeremy Brant 0-0: Ball
1-0: Called Strike
1-1: Foul Ball, location: 2F
1-2: Fly out, F9 (Flyball, 9, EV 90.0 MPH)
Top of the 6th over - 1 run, 2 hits, 0 errors, 1 left on base; Columbus 1 - Indianapolis 3
BOTTOM OF THE 6TH
Indianapolis Indians batting - Pitching for Columbus Clippers : RHP Assunção Frutuoso
Batting: LHB Joe Williams 0-0: Ball
1-0: Called Strike
1-1: Ball
2-1: Swinging Strike
2-2: Strikes out swinging
Batting: LHB Tommy Marcinczyk Jr. 0-0: Ball
1-0: Ball
2-0: Ball
3-0: Called Strike
3-1: Base on Balls
Batting: RHB Jeremiah Coleman 0-0: Ball
1-0: Foul Ball, location: 9LMF
1-1: Ball
2-1: Called Strike
2-2: Grounds into double play, 4-6-3 (Groundball, 4, EV 85.0 MPH)
Bottom of the 6th over - 0 runs, 0 hits, 0 errors, 0 left on base; Columbus 1 - Indianapolis 3
TOP OF THE 7TH
Columbus Clippers batting - Pitching for Indianapolis Indians : RHP Taurino Ramirez
Now at 1B: Collin Toth
Now in CF: Andreas Frick
Now in RF: Bob Peterson
Batting: LHB Zachary Moody 0-0: Fly out, F7 (Flyball, 78M, EV 90.6 MPH)
Batting: RHB Bill Meller 0-0: Ball
1-0: Foul Ball, location: 5F
1-1: Ball
2-1: Called Strike
2-2: Ball
3-2: Foul Ball, location: 2F
3-2: Foul Ball, location: 25FF
3-2: Fly out, F7 (Line Drive, 7, EV 91.9 MPH)
Batting: RHB Chris Hubert 0-0: Ground out U3 (Groundball, 3, EV 86.3 MPH)
Top of the 7th over - 0 runs, 0 hits, 0 errors, 0 left on base; Columbus 1 - Indianapolis 3
BOTTOM OF THE 7TH
Indianapolis Indians batting - Pitching for Columbus Clippers : RHP Assunção Frutuoso
Batting: SHB Bob Peterson 0-0: Ball
1-0: Ball
2-0: Foul Ball, location: 7LSF
2-1: Fly out, F7 (Flyball, 7LS, EV 83.1 MPH)
Batting: RHB Matt Kamowski 0-0: Ground out 5-3 (Groundball, 56, EV 101.9 MPH)
Batting: RHB Andreas Frick 0-0: SINGLE (Groundball, 4D, EV 96.3 MPH)
Batting: LHB Phil Samsa 0-0: Called Strike
0-1: Called Strike
Andreas Frick steals 2nd base
0-2: Foul Ball, location: 3DF
0-2: Foul Ball, location: 7LDF
0-2: Ball
1-2: Ball
2-2: Strikes out looking
Bottom of the 7th over - 0 runs, 1 hit, 0 errors, 1 left on base; Columbus 1 - Indianapolis 3
TOP OF THE 8TH
Columbus Clippers batting - Pitching for Indianapolis Indians : RHP Taurino Ramirez
Pitching: RHP Ken Gattenby
Batting: RHB Matt Wescoat 0-0: Ground out 6-3 (Groundball, 6M, EV 100.6 MPH)
Batting: LHB Eduardo Olivarez 0-0: Ground out 5-3 (Groundball, 56, EV 80.6 MPH)
Batting: RHB John Walko 0-0: Called Strike
0-1: Ball
1-1: Called Strike
1-2: Strikes out swinging
Top of the 8th over - 0 runs, 0 hits, 0 errors, 0 left on base; Columbus 1 - Indianapolis 3
BOTTOM OF THE 8TH
Indianapolis Indians batting - Pitching for Columbus Clippers : RHP Assunção Frutuoso
Pitching: RHP Raul Cano
Batting: RHB Collin Toth 0-0: Swinging Strike
0-1: Swinging Strike
0-2: Ground out 6-3 (Groundball, 6, EV 78.1 MPH)
Batting: RHB Mike Mellor 0-0: Called Strike
0-1: Ball
1-1: Ball
2-1: Ball
3-1: Swinging Strike
3-2: Foul Ball, location: 2F
3-2: Base on Balls
Pitching: RHP Nick Tracey
Batting: LHB Joe Williams 0-0: Foul Ball, location: 2F
0-1: Swinging Strike
0-2: Ball
1-2: Ground out 4-3 (Groundball, 34, EV 95.0 MPH)
Mike Mellor to second
Batting: LHB Tommy Marcinczyk Jr. 0-0: Ball
1-0: SINGLE (Groundball, 6MD, EV 94.4 MPH)
Mike Mellor to third
Runner from 3rd tries for Home, SAFE, throw by CF to home
Batting: RHB Jeremiah Coleman 0-0: Called Strike
0-1: Foul Ball, location: 2F
0-2: Ball
1-2: Foul Ball, location: 23F
1-2: Ball
2-2: Strikes out swinging
Bottom of the 8th over - 1 run, 1 hit, 0 errors, 1 left on base; Columbus 1 - Indianapolis 4
TOP OF THE 9TH
Columbus Clippers batting - Pitching for Indianapolis Indians : RHP Ken Gattenby
Batting: SHB Mario Mendoza 0-0: Called Strike
0-1: Called Strike
0-2: Foul Ball, location: 7LSF
0-2: Ball
1-2: Strikes out swinging
Batting: RHB Rogelio Cosme 0-0: Ball
1-0: Called Strike
1-1: Called Strike
1-2: Strikes out swinging
Batting: RHB Jeremy Brant 0-0: Called Strike
0-1: Called Strike
0-2: Ball
1-2: Strikes out swinging
Top of the 9th over - 0 runs, 0 hits, 0 errors, 0 left on base; Columbus 1 - Indianapolis 4
Thursday, May 2nd , 2024 - OOTP Baseball 24.11 Build 85